Map: Neon Violet Square LE

Players

Spirit (souL)

  • Race: Terran Terran
  • League: Master
  • Spawn Location: 11:00

Serral - Winner!

  • Race: Zerg Zerg
  • League: Master
  • Spawn Location: 5:00

Event: HomeStory Cup XXVI

VOD

Have the link to the VOD?

Description

Time

  • Played on: Dec. 1, 2024, 9:32 a.m.
  • Length: 13:46

All games in this series

Show
View Real Time Build Order
Export as new Build Order

Spirit Terran 

Build Orders: Command Center First 

Get SALT Encoding   

  12  0:00  SCV  
  13  0:12  SCV  
  14  0:17  Supply Depot  
  14  0:24  SCV  
  15  0:39  SCV  
  16  0:51  SCV  
  17  1:03  Command Center  
  17  1:05  SCV  
  18  1:17  SCV  
  19  1:18  Barracks  
  19  1:24  Refinery  
  19  1:29  SCV  
  20  1:32  Refinery  
  20  1:41  SCV  
  21  1:54  SCV  
  22  2:05  Reaper  
  22  2:06  Orbital Command  
  23  2:16  Orbital Command  
  23  2:20  Factory  
  23  2:25  Supply Depot  
  23  2:32  SCV  
  24  2:37  Barracks Reactor  
  24  2:41  SCV  
  25  2:44  SCV  
  26  2:53  SCV  
  26  2:56  SCV  
  28  3:01  Command Center  
  28  3:06  SCV  
  28  3:10  Starport  
  28  3:11  SCV  
  30  3:18  SCV  
  30  3:19  Hellion x2  
  35  3:23  SCV  
  35  3:25  Barracks Tech Lab  
  36  3:30  SCV  
  37  3:35  SCV  
  37  3:41  Hellion x2  
  42  3:42  SCV  
  42  3:47  SCV  
  43  3:51  Viking  
  43  3:54  SCV  
  46  3:56  Stimpack  
  46  4:11  Factory Tech Lab  
  46  4:12  Orbital Command, SCV x2  
  46  4:15  Barracks  
  48  4:19  Marine  
  48  4:20  Barracks  
  48  4:23  Starport Reactor  
  49  4:24  SCV x2  
  49  4:31  Supply Depot  
  51  4:36  SCV x2  
  53  4:40  Barracks, SCV  
  53  4:42  Barracks  
  54  4:46  Supply Depot  
  54  4:48  SCV x2  
  54  4:52  SCV  
  57  4:55  Barracks  
  57  4:56  Barracks  
  57  4:57  Supply Depot  
  57  5:01  SCV x2  
  57  5:03  Siege Tank  
  63  5:08  Orbital Command  
  63  5:10  Engineering Bay  
  63  5:11  Engineering Bay, Starport Reactor  
  62  5:14  Refinery  
  62  5:18  Refinery  
  62  5:19  SCV  
  62  5:20  SCV  
  64  5:22  Marine  
  64  5:25  Marine x2  
  67  5:29  Barracks Reactor  
  67  5:30  Barracks Reactor  
  67  5:31  SCV  
  67  5:33  SCV  
  69  5:36  Combat Shield  
  69  5:37  Supply Depot, SCV  
  69  5:38  Terran Infantry Weapons Level 1, Marine  
  69  5:39  Marine  
  69  5:40  Marine  
  73  5:43  SCV, Barracks Reactor  
  73  5:44  Barracks Reactor  
  73  5:47  SCV  
  73  5:49  Supply Depot  
  75  5:51  SCV  
  75  5:52  Marine  
  75  5:56  Terran Infantry Armor Level 1  
  73  5:58  SCV, Marine  
  73  6:04  Supply Depot, Marine, Siege Tank  
  75  6:05  Marine x3  
  75  6:07  Marine  
  75  6:08  Marine  
  75  6:10  SCV x2  
  86  6:14  Marine, Missile Turret  
  86  6:16  SCV  
  86  6:17  Marine  
  89  6:22  SCV  
  89  6:24  Supply Depot  
  89  6:27  Supply Depot  
  89  6:30  Medivac  
  89  6:31  Marine x2  
  94  6:33  Marine x3  
  94  6:35  Marine x3  
  94  6:36  Siege Tank  
  94  6:37  Medivac  
  94  6:39  Marine  
  103  6:40  Marine x2  
  103  6:41  Marine x2  
  107  6:48  Marine x2, Armory  
  107  6:49  Refinery  
  107  6:51  Marine x3  
  107  6:53  Marine  
  113  6:54  Marine  
  113  6:55  Marine  
  113  6:57  Marine  
  113  6:59  Supply Depot  
  113  7:00  Marine  
  113  7:01  Supply Depot, Marine x2  
  118  7:04  Marine  
  118  7:06  Marine  
  118  7:08  Medivac  
  123  7:09  Marine x2  
  125  7:20  Medivac, Marine x6  
  125  7:21  Supply Depot  
  125  7:22  Supply Depot  
  133  7:23  Siege Tank, Marine x2  
  133  7:24  Supply Depot  
  133  7:25  Marine  
  139  7:30  Marine x2  
  141  7:42  Marine x8  
  141  7:43  Marine x3  
  152  7:45  Supply Depot  
  152  7:48  Marine x2  
  152  7:49  Supply Depot  
  152  7:55  Siege Tank  
  152  7:58  Medivac x2  
  157  8:00  Marine x6  
  165  8:06  Marine x3  
  165  8:07  Marine  
  163  8:15  Marine x3  
  163  8:18  Marine x4  
  163  8:19  Marine  
  171  8:20  Marine  
  171  8:24  Marine, Terran Infantry Weapons Level 2  
  173  8:28  Liberator x2  
  173  8:30  Terran Infantry Armor Level 2  
  173  8:32  Marine x2  
  173  8:33  Marine x2  
  180  8:36  Marine  
  180  8:39  Marine  
  158  8:42  Siege Tank  
  158  8:46  Supply Depot, Marine x2  
  158  8:47  Marine  
  164  8:52  Marine x6  
  164  8:54  Marine  
  171  8:56  Marine x2  
  171  8:59  Marine  
  174  9:04  Marine  
  174  9:05  Marine  
  174  9:07  Marine  
  173  9:10  Marine x5  
  173  9:11  Liberator  
  173  9:16  Liberator  
  184  9:22  Siege Tank, Marine x2  
  189  9:24  Marine  
  189  9:25  Marine  
  189  9:27  Supply Depot  
  189  9:30  Marine  
  187  9:32  Marine  
  188  9:40  Marine  
  189  9:50  Marine x10  
  187  9:53  Marine  
  187  9:54  Siege Tank, Marine  
  187  9:58  Marine  
  151  10:07  Marine  
  151  10:08  Marine x5  
  151  10:10  Medivac x2  
  151  10:13  Marine x4  
  145  10:15  Marine  
  145  10:17  Marine  
  146  10:25  Marine  
  146  10:26  Siege Tank  
  146  10:27  Marine x3  
  155  10:35  Marine x2  
  151  10:39  Marine x3  
  151  10:40  Marine  
  155  10:43  Marine  
  155  10:47  Marine  
  155  10:48  Command Center  
  155  10:49  Marine  
  158  10:52  Marine  
  158  10:55  Marine  
  158  10:56  Marine  
  158  10:58  Marine x5  
  158  11:00  Liberator  
  163  11:04  Liberator  
  163  11:08  Marine  
  163  11:09  Marine x3  
  170  11:17  Marine  
  169  11:22  Siege Tank  
  169  11:23  Marine  
  174  11:25  Marine x4  
  174  11:26  Marine  
  174  11:28  Marine  
  174  11:30  Marine  
  179  11:41  Ghost Academy, Marine  
  179  11:46  Barracks Tech Lab  
  179  11:47  Marine x6  
  180  11:49  Barracks Tech Lab  
  180  11:52  Marauder, Marine  
  188  11:54  Siege Tank  
  188  11:59  Marine  
  188  12:00  Missile Turret  
  190  12:04  Marine  
  187  12:10  Marine  
  187  12:11  Marauder  
  187  12:14  Medivac, Marauder  
  178  12:17  Medivac  
  177  12:23  Refinery  
  177  12:26  Siege Tank  
  175  12:30  Planetary Fortress  
  175  12:32  SCV x3  
  176  12:44  SCV x3  
  178  12:56  SCV x3  
  174  12:58  Siege Tank, Liberator x2  
  174  13:00  Marine  
  151  13:08  SCV  
  151  13:09  SCV  
Show
View Real Time Build Order
Export as new Build Order

Serral Zerg - Winner!

Build Orders: Hatch First, Lurkers 

Get SALT Encoding   

  12  0:00  Drone  
  13  0:12  Overlord  
  13  0:17  Drone  
  14  0:30  Drone x2  
  16  0:47  Hatchery  
  15  0:50  Drone  
  15  0:54  Drone  
  15  0:57  Drone  
  18  1:08  Extractor  
  17  1:13  Spawning Pool  
  17  1:16  Drone  
  17  1:20  Drone  
  18  1:28  Drone  
  19  1:39  Drone  
  20  1:51  Drone  
  21  1:59  Queen x2  
  25  2:02  Zergling x2  
  25  2:05  Drone  
  27  2:10  Zergling x2  
  27  2:11  Overlord  
  27  2:15  Metabolic Boost  
  28  2:30  Hatchery  
  28  2:33  Drone  
  28  2:35  Drone  
  29  2:38  Drone  
  29  2:40  Drone  
  31  2:49  Queen  
  33  2:53  Overlord  
  33  2:56  Drone  
  33  2:58  Drone  
  35  3:00  Drone  
  35  3:05  Overlord  
  36  3:12  Drone x3  
  39  3:14  Drone  
  39  3:15  Drone  
  41  3:22  Queen  
  41  3:25  Drone  
  44  3:27  Drone  
  44  3:32  Queen  
  47  3:35  Drone  
  47  3:37  Drone  
  49  3:45  Overlord  
  49  3:46  Drone x3  
  49  3:47  Drone  
  53  3:50  Drone  
  53  3:54  Queen  
  55  3:58  Drone x2  
  57  4:03  Overlord  
  57  4:05  Zergling x4  
  57  4:07  Drone  
  57  4:08  Drone  
  61  4:13  Queen  
  61  4:16  Overlord  
  63  4:20  Drone x2  
  63  4:21  Drone  
  63  4:23  Overlord  
  66  4:26  Overlord  
  66  4:29  Drone x2  
  68  4:32  Drone  
  68  4:38  Lair  
  71  4:40  Drone x2  
  72  4:45  Drone x5  
  72  4:50  Extractor, Roach Warren  
  72  4:51  Drone, Extractor  
  74  4:55  Extractor  
  74  4:58  Zergling x4  
  75  5:00  Overlord  
  75  5:04  Hatchery  
  74  5:07  Evolution Chamber, Drone x3  
  74  5:08  Evolution Chamber  
  74  5:10  Drone  
  74  5:12  Drone  
  74  5:13  Drone x3  
  80  5:15  Drone, Extractor  
  80  5:18  Drone  
  80  5:20  Drone  
  82  5:23  Drone  
  82  5:24  Drone x3, Extractor  
  85  5:29  Drone  
  85  5:31  Drone  
  87  5:35  Drone  
  87  5:36  Glial Reconstitution, Drone x3  
  87  5:38  Zerg Ground Armor Level 1, Spore Crawler  
  87  5:39  Overseer  
  87  5:42  Zerg Missile Weapons Level 1  
  90  5:44  Drone x2  
  90  5:49  Infestation Pit  
  91  5:50  Overlord  
  91  5:53  Roach x2  
  91  5:54  Roach  
  91  5:56  Roach  
  94  6:01  Roach x2  
  98  6:04  Overlord  
  98  6:05  Overlord x2  
  98  6:12  Hydralisk Den  
  98  6:16  Roach x3  
  98  6:18  Drone x5  
  108  6:20  Overlord  
  108  6:21  Drone  
  109  6:26  Drone  
  109  6:29  Hive  
  109  6:31  Drone  
  109  6:32  Extractor  
  110  6:33  Extractor  
  110  6:37  Roach x4  
  117  6:40  Drone x2  
  117  6:43  Roach x3  
  117  6:45  Lurker Den  
  124  6:48  Overlord  
  124  6:49  Overlord  
  124  6:54  Hatchery  
  124  6:59  Hydralisk x2  
  127  7:03  Hydralisk x2  
  127  7:07  Hydralisk x2  
  135  7:09  Hydralisk  
  135  7:13  Drone x2  
  139  7:18  Drone x2  
  139  7:19  Roach x2  
  139  7:20  Roach, Zergling x2  
  139  7:21  Spore Crawler  
  147  7:25  Overlord  
  147  7:27  Zergling x10  
  151  7:38  Drone  
  152  7:44  Lurker x7, Seismic Spines  
  152  7:50  Extractor x2  
  157  7:51  Drone x2  
  157  7:52  Drone  
  157  7:54  Overlord x3  
  157  7:55  Overlord  
  158  8:01  Ravager  
  158  8:02  Overlord x3  
  158  8:14  Roach x7  
  158  8:16  Ravager x3  
  158  8:19  Viper  
  174  8:20  Hydralisk  
  174  8:21  Hydralisk, Zergling x2  
  174  8:26  Overlord x2  
  182  8:30  Zerg Ground Armor Level 2  
  182  8:39  Hydralisk, Zergling x4  
  182  8:40  Zergling x8  
  162  8:42  Hydralisk  
  162  8:43  Zergling x2  
  165  8:49  Adaptive Talons  
  165  8:53  Drone x2  
  167  8:56  Lurker x2  
  167  8:58  Hydralisk x3  
  175  9:04  Zerg Missile Weapons Level 2  
  175  9:05  Muscular Augments  
  175  9:09  Zergling x10  
  178  9:12  Pneumatized Carapace  
  178  9:21  Lurker x2  
  178  9:22  Drone x2  
  174  9:31  Hydralisk x2  
  174  9:32  Zergling x18  
  187  9:40  Viper x3  
  193  9:47  Spore Crawler  
  193  9:48  Spore Crawler  
  193  9:51  Spore Crawler  
  181  9:55  Hydralisk x4  
  152  10:11  Drone x6  
  153  10:23  Hydralisk  
  153  10:24  Hydralisk  
  157  10:29  Drone  
  157  10:30  Drone x2  
  157  10:34  Lurker x2  
  162  10:44  Lurker  
  162  10:45  Lurker x2  
  162  10:48  Hatchery  
  164  10:57  Hydralisk x3  
  170  11:09  Lurker x3  
  173  11:21  Hydralisk x7  
  184  11:35  Drone x3  
  184  11:36  Drone x3  
  184  11:38  Hydralisk x2  
  184  11:39  Zergling x6  
  194  11:55  Hydralisk x2  
  194  11:56  Zergling x10  
  200  12:03  Adrenal Glands  
  200  12:05  Baneling Nest  
  199  12:14  Drone x6  
  198  12:19  Grooved Spines  
  195  12:24  Zergling x8  
  199  12:32  Overlord  
  197  13:02  Hydralisk  
  199  13:16  Hydralisk x3  
Tags
 
Add a new tag
Caveats
  • Supply blocks, unpowered buildings, or Contaminate may cause inaccurate times.
  • Supply counts are checked every 10 seconds.